AoeStats
← Fs.Black_

African Clearing

506768542Analyzed
4v4 RM · 16d ago on Sep 15, 2026· 43m 11s· 8 players
Game mode
Random Map
Map size
Large (8 player)
Population
200
Speed
Normal
Resources
Standard
Victory
Conquest
Starting age
Dark Age
Ending age
Imperial Age
RankedLock teamsTeams togetherTeam positionsShared explorationLock speedFull tech treeHidden civsTurbo modeCheats
Victory
Defeat
🇧🇷 Gurjaras · Brazil
1662
+14
🇨🇦 Georgians · Canada
1653
+15
🇧🇷 Berbers · Brazil
1643
+15
🇧🇷 Chinese · Brazil
1641
+15
🇲🇽 Tatars · Mexico
1716
-18
🇲🇽 Mongols · Mexico
1621
-15
🇲🇽 Huns · Mexico
1579
-13
🇲🇽 Magyars · Mexico
1567
-13
hK | TwisteR
8:45 Loom
12:58 Feudal Age
16:41 Wheelbarrow
19:21 Castle Age
17:59 Horse Collar
18:07 Double-Bit Axe
20:49 Bow Saw
24:29 Bloodlines
26:06 Husbandry
29:41 Scale Barding Armor
31:14 Chain Barding Armor
32:08 Hand Cart
36:56 Imperial Age
37:10 Cavalier
38:27 Plate Barding Armor
37:59 Heavy Plow
38:27 Paladin
40:18 Gold Mining
41:34 Pikeman
43:48 Crop Rotation
hK | triunFo
10:48 Loom
13:12 Feudal Age
20:04 Castle Age
18:38 Double-Bit Axe
25:50 Bow Saw
28:32 Horse Collar
30:34 Scale Barding Armor
30:20 Town Watch
31:46 Chain Barding Armor
31:42 Pikeman
33:06 Bloodlines
33:45 Forging
38:46 Fletching
38:57 Padded Archer Armor
42:14 Imperial Age
40:23 Pikeman
41:06 Squires
42:25 Scale Mail Armor
KH | BooMBastic_
11:12 Loom
13:26 Feudal Age
14:16 Double-Bit Axe
17:30 Castle Age
16:22 Fletching
18:14 Bodkin Arrow
21:52 Padded Archer Armor
22:39 Horse Collar
24:22 Bow Saw
26:18 Wheelbarrow
25:29 Town Watch
27:22 Ballistics
28:02 Gold Mining
28:22 Heavy Plow
29:06 Husbandry
29:16 Bloodlines
35:19 Imperial Age
33:17 Hand Cart
33:54 Leather Archer Armor
35:30 Heavy Cavalry Archer
36:40 Ring Archer Armor
36:14 Bracer
38:21 Gold Shaft Mining
38:18 Crop Rotation
37:40 Stone Mining
39:05 Ring Archer Armor
40:10 Chemistry
40:38 Treadmill Crane
41:09 Masonry
40:32 Light Cavalry
41:15 Hussar
43:19 Scale Barding Armor
hK | Agt. Smith
11:22 Feudal Age
12:15 Double-Bit Axe
12:30 Loom
21:24 Castle Age
19:36 Fletching
20:39 Bloodlines
21:16 Gold Mining
22:03 Bodkin Arrow
26:43 Padded Archer Armor
27:56 Husbandry
30:53 Wheelbarrow
31:02 Ballistics
35:51 Horse Collar
40:23 Imperial Age
38:26 Heavy Plow
41:27 Bracer
42:32 Chemistry
Fs.BlinkAoE
4:51 Loom
14:15 Feudal Age
16:53 Town Watch
19:30 Castle Age
17:21 Double-Bit Axe
24:50 Horse Collar
25:32 Fletching
28:12 Wheelbarrow
28:26 Husbandry
29:13 Bodkin Arrow
30:03 Padded Archer Armor
30:20 Bow Saw
30:41 Bloodlines
31:28 Gold Mining
31:45 Heavy Plow
32:02 Scale Barding Armor
33:23 Ballistics
33:53 Leather Archer Armor
35:20 Medium Warships
37:45 Imperial Age
36:39 Forging
37:37 Chain Barding Armor
37:50 Stone Mining
37:51 Cavalier
39:50 Chemistry
38:51 Bracer
39:35 Plate Barding Armor
39:29 Light Cavalry
41:08 Iron Casting
40:49 Elite Genitour
43:53 Blast Furnace
43:35 Scale Mail Armor
43:27 Guard Tower
Fs.Nx Imperial
6:48 Loom
14:11 Feudal Age
18:12 Castle Age
16:26 Double-Bit Axe
18:26 Forging
20:23 Horse Collar
21:48 Bloodlines
23:06 Scale Barding Armor
27:12 Husbandry
28:03 Chain Barding Armor
30:16 Wheelbarrow
31:10 Gold Mining
33:17 Iron Casting
38:11 Bow Saw
40:46 Imperial Age
40:09 Hand Cart
39:58 Fletching
41:37 Heavy Camel Rider
42:37 Bodkin Arrow
44:11 Blast Furnace
Fs.Kawan
2:50 Loom
11:37 Feudal Age
16:33 Castle Age
16:43 Double-Bit Axe
18:10 Bow Saw
18:04 Fletching
18:25 Horse Collar
20:21 Bodkin Arrow
24:28 Ballistics
24:51 Heavy Plow
25:46 Padded Archer Armor
26:59 Leather Archer Armor
28:33 Wheelbarrow
32:27 Imperial Age
32:28 Hand Cart
31:59 Town Watch
33:08 Bloodlines
32:58 Husbandry
33:05 Scale Barding Armor
33:00 Scale Mail Armor
33:13 Bracer
34:14 Chemistry
33:15 Gold Mining
34:26 Ring Archer Armor
33:54 Cavalier
35:44 Scale Barding Armor
35:50 Forging
36:27 Thumb Ring
37:06 Chain Barding Armor
36:51 Elite Genitour
38:33 Plate Barding Armor
39:47 Iron Casting
38:44 Elite Fire Lancer
41:34 Blast Furnace
40:37 Squires
41:09 Scale Mail Armor
41:35 Caravan
42:07 Capped Ram
Fs.Black_
4:02 Loom
12:58 Feudal Age
16:47 Castle Age
15:03 Double-Bit Axe
18:27 Horse Collar
23:47 Fletching
27:16 Bodkin Arrow
28:17 Wheelbarrow
30:07 Bow Saw
33:30 Imperial Age
31:11 Scale Barding Armor
31:43 Gold Mining
32:24 Bloodlines
32:58 Hand Cart
32:47 Husbandry
32:55 Town Watch
33:32 Chain Barding Armor
33:22 Forging
34:13 Gold Shaft Mining
33:32 Heavy Camel Rider
35:01 Plate Barding Armor
34:38 Forging
34:58 Heavy Plow
37:45 Iron Casting
39:14 Chemistry
38:15 Bracer
44:20 Crop Rotation
Connection lost

Rejoining the realm…

Still unreachable

The connection could not be restored.

Session expired

The server has moved on; the page needs a fresh start.